 Dungeon Crawl Stone Soup version 0.30.1 (webtiles) character file.

Game seed: 3205361783255338260

4716 Graphine the Destroyer (level 10, -3/84 HPs)
             Began as a Red Draconian Conjurer on July 5, 2023.
             Slain by Fannar
             ... wielding a staff of cold
              (15 damage)
             ... on level 10 of the Dungeon.
             The game lasted 00:28:37 (9809 turns).

Graphine the Destroyer (Red Draconian Conjurer)     Turns: 9809, Time: 00:28:38

Health: -3/84      AC: 13    Str: 10    XL:     10   Next: 22%
Magic:  1/19       EV: 13    Int: 22    God:
Gold:   594        SH:  0    Dex: 10    Spells: 13/21 levels left

rFire   + . .        g - +1 shortbow (flame)
rCold   . . .        (shield currently unavailable)
rNeg    . . .        (body armour unavailable)
rPois   .            (helmet restricted)
rElec   .            (no cloak)
rCorr   .            (no gloves)
SInv    .            b - +1 pair of boots {Fly}
Will    +....        q - amulet of regeneration
Stlth   ++           v - +4 ring of protection
HPRegen 1.14/turn    a - ring of willpower
MPRegen 0.16/turn

%: no passive effects
@: about to teleport, flying, slowed, very slow
A: breathe fire, AC +7, unfitting armour, fire resistance 1, cold-blooded
a: Breathe Fire


You were on level 10 of the Dungeon.
You visited 1 branch of the dungeon, and saw 10 of its levels.

You collected 594 gold pieces.

Inventory:

Hand Weapons
 e - a +0 heavy sling
 g - a +1 shortbow of flaming (weapon)
Missiles
 l - 3 throwing nets
Armour
 b - a +1 pair of boots of flying (worn)
Jewellery
 a - a ring of willpower (right hand)
 f - a ring of flight
 p - a ring of ice
 q - an amulet of regeneration (around neck)
 v - a +4 ring of protection (left hand)
 C - a +4 ring of protection
Wands
 s - a wand of flame (10)
 y - a wand of digging (5)
Scrolls
 c - 2 scrolls of magic mapping
 o - a scroll of brand weapon
 r - a scroll of blinking
 u - 3 scrolls of amnesia
 x - 2 scrolls of teleportation
 B - a scroll of poison
Potions
 d - 2 potions of invisibility
 h - 3 potions of haste
 i - 3 potions of cancellation
 j - 2 potions of flight
 k - 5 potions of attraction
 m - 5 potions of curing
 n - 2 potions of lignification {unknown}
 t - 3 potions of brilliance
 w - a potion of might {unknown}
 z - a potion of heal wounds {unknown}
 A - a potion of degeneration {unknown}


   Skills:
 + Level 6.4 Fighting
 + Level 5.9 Dodging
 - Level 2.1 Stealth
 + Level 6.0 Spellcasting
 * Level 9.6 Conjurations
 - Level 5.0 Hexes
 - Level 2.0 Transmutations


You had 13 spell levels left.
You knew the following spells:

 Your Spells              Type           Power      Damage    Failure   Level
a - Magic Dart            Conj           100%       1d8       1%          1
b - Searing Ray           Conj           96%        2d7       1%          2
c - Fulminant Prism       Conj/Hex       19%        3d11      4%          4
d - Beastly Appendage     Tmut           30%        N/A       4%          1

Your spell library contained the following spells:

 Spells                   Type           Power      Damage    Failure   Level
 Dazzling Flash           Conj/Hex       76%        N/A       1%          3
 Hailstorm                Conj/Ice       27%        3d7       3%          3
 Ensorcelled Hibernation  Hex/Ice        34%        N/A       4%          2
 Wereblood                Tmut           15%        N/A       6%          2
 Mephitic Cloud           Conj/Pois/Air  20%        N/A       8%          3
 Iskenderun's Mystic Bla  Conj/Tloc      27%        2d7       13%         4
 Blink                    Tloc           12%        N/A       14%         2
 Poisonous Vapours        Pois/Air       12%        N/A       14%         2
 Spider Form              Tmut/Pois      11%        N/A       19%         3
 Anguish                  Hex/Necr       8%         N/A       32%         4
 Ice Form                 Ice/Tmut       11%        N/A       52%         4
 Freezing Cloud           Conj/Ice/Air   10%        6-21      56%         5
 Manifold Assault         Tloc           6%         N/A       65%         4
 Simulacrum               Ice/Necr       3%         N/A       100%        6
 Storm Form               Tmut/Air       5%         N/A       100%        7


Dungeon Overview and Level Annotations

Branches:
Dungeon (10/15)            Temple (0/1) D:4            Lair (0/5) D:8
    Orc: D:9-12

Altars:
Dithmenos
Qazlal
Xom

Shops:
D:9 *

Annotations:
D:10 Fannar


Innate Abilities, Weirdness & Mutations

You can breathe blasts of fire.
Your fiery red scales are hard. (AC +7)
You cannot fit into any form of body armour.
Your flesh is heat resistant. (rF+)
You are cold-blooded and may be slowed by cold attacks.


Message History

Okay, then.
Okay, then.
Casting: Fulminant Prism (dangerous; 4% risk of failure)
Confirm with . or Enter, or press ? or * to list all spells.
Aiming: Magic Dart (safe; 1% risk of failure)
Press: ? - help, Shift-Dir - straight line, f - Fannar
Aim: Fannar, wielding a staff of cold and wearing a +2 robe of cold resistance (blue smoke, heavily wounded, 100% to hit)
The magic dart hits Fannar.
Fannar is heavily wounded.
Fannar closely misses you.
Fire: g) +1 shortbow (flame)
Press: ? - help, Q - select action, (/) - cycle Shift-Dir - straight line, f/p - Fannar
Aim: Fannar, wielding a staff of cold and wearing a +2 robe of cold resistance (blue smoke, heavily wounded, 42% to hit)
You shoot an arrow. The arrow misses Fannar.
Fannar closely misses you.
Fire: g) +1 shortbow (flame)
Press: ? - help, Q - select action, (/) - cycle Shift-Dir - straight line, f/p - Fannar
Aim: Fannar, wielding a staff of cold and wearing a +2 robe of cold resistance (heavily wounded, 42% to hit)
You shoot an arrow. The arrow barely misses Fannar.
Fannar hits you with a staff of cold. Fannar freezes you!
Fannar hits you but does no damage. Fannar freezes you!
You feel yourself slow down.
Fannar casts a spell.
Fannar drains the heat from the surrounding environment!
You feel as though you will be slow longer.
Fannar hits you but does no damage. Fannar freezes you!
* * * LOW HITPOINT WARNING * * *
Your magical contamination has completely faded away.
Okay, then.
As you read the scroll of teleportation, it crumbles to dust.
You feel strangely unstable.
Fannar mumbles some strange words.
Fannar drains the heat from the surrounding environment!
* * * LOW HITPOINT WARNING * * *
You feel better.
Fannar gestures wildly while chanting.
Fannar hits you with a staff of cold.
* * * LOW HITPOINT WARNING * * *
Fannar freezes you!
You die...

## Y.
#e #.
#.
#.####
#....#
####e#
#@#
#<#
#.#
#.#
#.#
#.#
#.#
#.#
#.#


You could see Fannar.

Vanquished Creatures
  An unseen horror (D:6)
  Grinder (D:4)
  2 wyverns
  A yak (D:7)
  Grum (D:8)
  Menkaure (D:5)
  An acid dragon (D:8)
  An ice beast (D:6)
  4 orc warriors
  2 black bears
  2 ogres
  A centaur (D:9)
  2 wolves (D:8)
  3 kobold brigands
  2 bullfrogs
  3 scorpions
  7 wights (D:8)
  9 killer bees
  2 howler monkeys (D:8)
  6 hounds
  2 orc priests
  A jelly (D:4)
  3 gnoll boudas
  3 iguanas
  A sleepcap (D:5)
  7 orc wizards
  22 gnolls
  8 adders
  A shadow imp (D:6)
  2 white imps (D:6)
  An ufetubus (D:6)
  A dart slug (D:2)
  2 worms (D:2)
  25 orcs
  5 endoplasms
  4 giant cockroaches (D:2)
  5 goblins
  7 hobgoblins
  4 jackals (D:3)
  6 quokkas
  5 ball pythons
  3 bats
  4 frilled lizards
  25 kobolds
  6 rats
205 creatures vanquished.

Vanquished Creatures (others)
  47 fulminant prisms
47 creatures vanquished.

Grand Total: 252 creatures vanquished

Notes
Turn   | Place    | Note
-------+----------+-------------------------------------------
     0 | D:1      | Graphine the Draconian Conjurer began the quest for the
                  | Orb.
     0 | D:1      | Reached XP level 1. HP: 14/14 MP: 3/3
   340 | D:1      | Reached XP level 2. HP: 18/20 MP: 0/5
   604 | D:1      | Learned a level 2 spell: Searing Ray
  1127 | D:2      | Reached XP level 3. HP: 26/27 MP: 2/6
  1294 | D:2      | Reached skill level 1 in Fighting
  1414 | D:2      | Reached XP level 4. HP: 35/35 MP: 7/7
  1598 | D:2      | Learned a level 4 spell: Fulminant Prism
  1981 | D:2      | Reached skill level 1 in Hexes
  1981 | D:2      | Reached XP level 5. HP: 36/40 MP: 4/9
  2471 | D:3      | Reached skill level 5 in Conjurations
  3289 | D:4      | Reached XP level 6. HP: 22/48 MP: 0/10
  3567 | D:4      | Found a staircase to the Ecumenical Temple.
  3660 | D:4      | Noticed Grinder
  3680 | D:4      | Killed Grinder
  3681 | D:4      | Your scales start taking on a fiery red colour.
  3681 | D:4      | Reached XP level 7. HP: 37/56 MP: 2/12
  3681 | D:4      | Gained mutation: Your flesh is heat resistant. (rF+) [Red
                  | Draconian growth]
  3849 | D:5      | Entered Level 5 of the Dungeon
  3896 | D:5      | Reached skill level 6 in Conjurations
  4239 | D:5      | Identified the +0 robe "Umozia" {+Inv rF+ Stlth-}
  5065 | D:5      | Noticed Menkaure
  5071 | D:5      | Killed Menkaure
  5072 | D:5      | Reached XP level 8. HP: 22/63 MP: 6/13
  5856 | D:6      | Learned a level 1 spell: Beastly Appendage
  5898 | D:6      | Reached skill level 7 in Conjurations
  5904 | D:6      | Reached skill level 1 in Transmutations
  6051 | D:6      | Killed an unseen horror
  6359 | D:7      | Reached skill level 5 in Hexes
  6359 | D:7      | Reached XP level 9. HP: 62/72 MP: 2/16
  7198 | D:8      | Reached skill level 5 in Fighting
  7198 | D:8      | Reached skill level 5 in Spellcasting
  7198 | D:8      | Reached skill level 8 in Conjurations
  7275 | D:7      | Reached skill level 5 in Dodging
  7648 | D:8      | Noticed Grum
  7656 | D:8      | Found a staircase to the Lair.
  7667 | D:8      | Killed Grum
  8043 | D:8      | Reached skill level 9 in Conjurations
  8221 | D:8      | Reached XP level 10. HP: 78/83 MP: 5/18
  8902 | D:9      | Found Odimijia's Lightly-Used Armoury.
  9413 | D:9      | Found a shadowy altar of Dithmenos.
  9416 | D:9      | Found a shimmering altar of Xom.
  9419 | D:9      | Found a stormy altar of Qazlal.
  9784 | D:10     | Entered Level 10 of the Dungeon
  9789 | D:10     | Noticed Fannar
  9808 | D:10     | HP: 3/84 [Fannar/staff of cold (11)]
  9809 | D:10     | Slain by Fannar

Illustrated notes

Levels and vault maps discovered:
D:1:      lemuel_arrival_hallway, layout_loops_ring, dreamdust_princess_corridor
D:2:      layout_loops_cross
D:3:      layout_loops_ring
D:4:      layout_basic, minmay_temple_entry_antechambers, uniq_grinder
D:5:      layout_basic, serial_bayou, serial_bayou_pond_c, serial_bayou_shore_a,
          serial_bayou_pond_e, serial_bayou_shore_b, uniq_menkaure
D:6:      layout_basic
D:7:      layout_basic
D:8:      layout_gridville, david_lair_generic, minivault_27, uniq_grum
D:9:      layout_irregular_city, minitemple, serial_co_window_serial,
          co_window_paths_a, co_window_paths_b, co_window_paths_a,
          co_window_of_opportunity_a, co_window_paths_a, co_window_corner_a,
          co_window_cross_3, co_window_corner_b, co_window_unsneaky_path_b,
          co_window_corner_cb, co_window_corner_b, co_window_4corner_b,
          glass_columns_a, glass_columns_c, glass_columns_a, glass_columns_a,
          glass_columns_a, minmay_shop_damaged, minivault_22
D:10:     layout_loops_ring, orc_david_3, uniq_fannar, uniq_erolcha

Skill      XL: |  1  2  3  4  5  6  7  8  9 10 |
---------------+-------------------------------+-----
Stealth        | 2 |  2.1
Dodging        | 2 3 4 5 |  5.9
Fighting       | 1 2 3 4 6 |  6.4
Hexes          | 1 2 3 5 |  5.0
Conjurations   | 5 6 7 9 |  9.6
Spellcasting   | 3 4 5 6 |  6.0
Transmutations | 2 |  2.0

Action                     |  1- 3 |  4- 6 |  7- 9 | 10-12 || total
---------------------------+-------+-------+-------+-------++-------
  Melee: Unarmed           |    12 |       |       |       ||    12
   Fire: Sling             |    61 |    85 |    32 |       ||   178
         Shortbow          |       |       |    72 |    51 ||   123
   Cast: Magic Dart        |    31 |    13 |    68 |     3 ||   115
         Searing Ray       |     4 |    19 |    26 |     4 ||    53
         Fulminant Prism   |       |       |    32 |    15 ||    47
    Use: Scroll            |     3 |     6 |     9 |     4 ||    22
         Potion            |       |     1 |     1 |     1 ||     3
 Armour: Skin              |    12 |    30 |   151 |    21 ||   214
  Dodge: Dodged            |    26 |    59 |   216 |    42 ||   343
